 Dungeon Crawl Stone Soup version 0.26.1-2-gb8aa6d0cf2 (webtiles) character file.

Game seed: 3450268888977373999

55 H0rd4k the Charlatan (level 4, 0/48 HPs)
             Began as a Human Artificer on Mar 16, 2021.
             Succumbed to an adder's poison
             ... on level 2 of the Dungeon.
             The game lasted 00:01:13 (1938 turns).

H0rd4k the Charlatan (Human Artificer)              Turns: 1938, Time: 00:01:13

Health: 0/48       AC: 22    Str: 14    XL:     4   Next: 14%
Magic:  4/4        EV:  2    Int: 17    God:
Gold:   65         SH:  0    Dex: 13    Spells: 3/3 levels left

rFire    + . .     SeeInvis .   o - +0 long sword
rCold    + . .     Faith    .   (no shield)
rNeg     + + +     Spirit   .   (armour currently unavailable)
rPois    +         Reflect  .   (helmet currently unavailable)
rElec    +         Harm     .   (cloak currently unavailable)
rCorr    +         Rampage  .   (gloves currently unavailable)
Will     .....     NoTele   +   (boots currently unavailable)
Stlth    ++........             (no amulet)
HPRegen  0.16/turn              g - +6 ring of intelligence
MPRegen  0.09/turn              (no ring)

@: lethally poisoned (0 -> -4), tree-form, resistant
A: no striking features
a: no special abilities


You were on level 2 of the Dungeon.
You were a tree.
You visited 1 branch of the dungeon, and saw 2 of its levels.

You collected 65 gold pieces.

Inventory:

Hand Weapons
 a - a +0 club
 j - a +0 dagger
 o - a +0 long sword (weapon)
Armour
 b - a +0 leather armour (melded)
Jewellery
 g - a +6 ring of intelligence (left branch)
Wands
 c - a wand of flame (9) (quivered)
 d - a wand of enslavement (15)
 e - a wand of random effects (15)
Scrolls
 f - 2 scrolls of identify {unknown}
 h - a scroll of teleportation {unknown}
 i - 2 scrolls of remove curse {unknown}
 k - a scroll of enchant weapon {unknown}
 l - a scroll of noise {unknown}


   Skills:
 + Level 1.4 Fighting
 + Level 0.4 Short Blades
 + Level 2.4 Armour
 + Level 1.7 Dodging
 + Level 1.5 Stealth
 + Level 3.6 Evocations


You had 3 spell levels left.
You didn't know any spells.
Your spell library was empty.

Dungeon Overview and Level Annotations

Branches:
Dungeon (2/15)

Altars:
Wu Jian


Message History

The adder misses you. x2
It was a potion of lignification.
You turn into a tree.
Your +0 leather armour melds into your body.
Your roots penetrate the ground.
* * * LOW HITPOINT WARNING * * *
You feel sick. The adder bites you but does no damage.
You barely miss the adder.
The adder is severely wounded.
* * * LOW HITPOINT WARNING * * *
You feel sick.
The adder bites you but does no damage. x2
It was a potion of magic.
Magic courses through your body.
* * * LOW HITPOINT WARNING * * *
You feel sick. The adder bites you but does no damage.
You hit the adder.
You kill the adder!
* * * LOW HITPOINT WARNING * * *
You feel sick.
You have reached level 4!
You feel stronger.
You die...

. #.####.....## . .## .# #.#
#.###.# # ..# .# #.# #.# #.#
###### #.# ###.# #.# #.# #.#
.....# #.# #...# #.# #.#
#.## .....# #.# #...# #.#
#.# #... .....# #.# #...#
#.# #.# ####
.....####.#####...# #.# #.#
####
................♣>#.#.####.#
#...
....................#......#
#.##
#+########..##.#######.#####
#.# #.# #.........#.....#
#.# #.# #.........#.###.#
#.# #.# #...........# #.#
#.## ..# #...........# #.#
#... ..# ####.#......# #.#
#### ..# #.....#.## #.#


There were no monsters in sight!

Vanquished Creatures
  3 adders (D:2)
  A bat (D:2)
  2 giant cockroaches (D:1)
  7 goblins
  4 hobgoblins
  A ball python (D:2)
  A frilled lizard (D:1)
  4 kobolds
  3 rats
26 creatures vanquished.

Notes
Turn   | Place    | Note
-------+----------+-------------------------------------------
     0 | D:1      | H0rd4k the Human Artificer began the quest for the Orb.
     0 | D:1      | Reached XP level 1. HP: 15/15 MP: 1/1
   425 | D:1      | Reached XP level 2. HP: 6/21 MP: 2/2
  1488 | D:2      | Reached XP level 3. HP: 26/26 MP: 3/3
  1570 | D:2      | Found an ornate altar of the Wu Jian Council.
  1936 | D:2      | HP: 1/39 [poisoned by an adder]
  1937 | D:2      | Reached XP level 4. HP: 1/32 MP: 4/4
  1938 | D:2      | Succumbed to an adder's poison

Illustrated notes

Levels and vault maps discovered:
D:1:      ebering_trefoil_3fold, layout_basic, serial_glass, glass_columns_a,
          glass_columns_a, glass_columns_b, glass_columns_b, glass_columns_a,
          glass_columns_b, minmay_strange_pillars, item_on_display_a,
          grunt_decor_clamped
D:2:      layout_basic, nzn_wu_jian_council_hall,
          nicolae_overflow_hidden_temple, guppyfry_early_orc_mine

Action                   |  1- 3 |  4- 6 || total
-------------------------+-------+-------++-------
Melee: Club              |    45 |       ||    45
       Dagger            |    41 |       ||    41
       Long sword        |    15 |       ||    15
Evoke: Wand              |     6 |       ||     6
  Use: Potion            |     3 |       ||     3
 Stab: Sleeping          |     3 |       ||     3
       Distracted        |     1 |       ||     1
Armor: Leather armour    |    24 |       ||    24
       Skin              |     4 |       ||     4
Dodge: Dodged            |    63 |       ||    63
       Rpst.: Long sword |     3 |       ||     3
